 Dungeon Crawl Stone Soup version 0.31-a0-1074-g0b22e4e0f1 (webtiles) character file.

Game seed: 10151009774293468199

84 ytrimaz the Shield-Bearer (level 4, 0/35 HPs)
             Began as a Formicid Fighter on Dec 8, 2023.
             Slain by a sky beast (4 damage)
             ... on level 3 of the Dungeon.
             The game lasted 00:01:23 (1593 turns).

ytrimaz the Shield-Bearer (Formicid Fighter)        Turns: 1593, Time: 00:01:24

Health: 0/35       AC:  6    Str: 21    XL:     4   Next: 72%
Magic:  0/4        EV:  9    Int:  7    God:
Gold:   93         SH:  5    Dex: 15    Spells: 3/3 levels left

rFire   . . .        a - +0 war axe
rCold   . . .        c - +0 buckler
rNeg    . . .        b - +0 scale mail
rPois   .            (helmet unavailable)
rElec   .            (no cloak)
rCorr   .            (no gloves)
SInv    +            (no boots)
Will    .....        r - amulet of guardian spirit Stlth
                     (no ring)
HPRegen 0.25/turn    (no ring)
MPRegen 0.09/turn

%: guardian spirit
@: no status effects
A: permanent stasis, dig shafts and tunnels, antennae 3, four strong arms
a: Dig, Shaft Self


You were on level 3 of the Dungeon.
You visited 1 branch of the dungeon, and saw 3 of its levels.

You collected 93 gold pieces.


Innate Abilities, Weirdness & Mutations

You cannot be hasted, slowed, berserked, paralysed or teleported.
You can dig through walls and to a lower floor.
You have a pair of large antennae on your head. (SInv)
Your four strong arms can wield two-handed weapons with a shield.


   Skills:
 - Level 3.2 Fighting
 + Level 3.5 Axes
 - Level 3.2 Armour
 + Level 5.5 Shields


You had 3 spell levels left.
You didn't know any spells.
Your spell library contained the following spells:

 Spells                   Type           Power      Damage    Failure   Level
 Cigotuvi's Dreadful Rot  Necr/Pois/Air  0%         N/A       92%         2
 Dispel Undead            Necr           0%         3d6       100%        4
 Death Channel            Necr           0%         N/A       100%        6

Inventory:

Hand Weapons
 a - a +0 war axe (weapon)
Missiles
 n - a throwing net
Armour
 b - a +0 scale mail (worn)
 c - a +0 buckler (worn)
Jewellery
 r - an amulet of guardian spirit (around neck)
   (You found it on level 2 of the Dungeon)
Scrolls
 f - a scroll of amnesia {unknown}
 k - 3 scrolls of identify {unknown}
 l - a scroll of teleportation {unknown}
 o - a scroll of enchant armour {unknown}
 s - a scroll of revelation {unknown}
 u - a scroll of fog {unknown}
 v - a scroll of noise {unknown}
Potions
 d - 3 potions of might
 e - 6 potions of curing {unknown}
 g - 3 potions of cancellation {unknown}
 h - 2 potions of lignification {unknown}
 i - a potion of enlightenment {unknown}
 j - a potion of resistance {unknown}
 m - a potion of brilliance {unknown}
 p - a potion of heal wounds {unknown}
 q - a potion of mutation {unknown}
 t - a potion of haste {unknown}

Dungeon Overview and Level Annotations

Branches:
Dungeon (3/15) Zot: 16360

Altars:
Makhleb

..#................##
###.....##......####
#.........#.##.#
.....#######..#.######
..... ##........#
#.... ##......[# #.#.
#{ #.......#
....#####......#
#...Y@.......#
....#####......# #
#......# ########


You could see a sky beast.


Message History

The endoplasm quivers.
An endoplasm is nearby!
An endoplasm is nearby!
A ball python comes into view.
Found two stone staircases leading up.
The ball python hisses angrily.
You barely miss the endoplasm. The endoplasm freezes you.
You are frozen. 😕 HP[-1]
You take 1 damage, and now have 34/35 hp.
You hit the endoplasm.
The endoplasm hits you but does no damage. x2
You slash the endoplasm!
You kill the endoplasm!
You slash the ball python!
You kill the ball python! 😎 HP[+1]
Your hp is fully restored (35).
Unknown command.
No target in view!
No target in view!
No target in view!
Unknown command.
No target in view!
You now have 93 gold pieces (gained 14).
d - 3 potions of might (gained 1)
Found a stone staircase leading down.
There is a stone staircase leading up here.
e - 5 smoky clear potions (gained 2)
e - 6 smoky clear potions (gained 1) Key pressed, stopping explore.
You see here a +0 leather armour.
Things that are here:
a +0 club; 8 stones Key pressed, stopping explore.
You see here a +0 mace.
A sky beast comes into view.
A sky beast is nearby!
A sky beast is nearby!
A sky beast is nearby!
A sky beast is nearby!
You hit the sky beast. The sky beast closely misses you.
You hit the sky beast. The sky beast hits you.
The sky beast shocks you. 😕 HP[-7]
You take 7 damage, and now have 28/35 hp.
Unknown command.
You hit the sky beast.
The sky beast flickers out of sight for a moment.
The sky beast hits you but does no damage. x2
You hit the sky beast. The sky beast barely misses you.
You hit the sky beast but do no damage.
The sky beast misses you. 😕 HP[+1] Unknown command.
You barely miss the sky beast. The sky beast closely misses you.
The sky beast hits you. The sky beast shocks you. 😮 HP[-7]
You take 7 damage, and now have 22/35 hp.
You barely miss the sky beast. The sky beast closely misses you.
You are too injured to fight recklessly!
You hit the sky beast but do no damage.
The sky beast hits you but does no damage. 😮 HP[+1] Unknown command.
You hit the sky beast but do no damage. You block the sky beast's attack.
The sky beast closely misses you.
You are too injured to fight recklessly!
You slash the sky beast! The sky beast barely misses you.
You closely miss the sky beast.
The sky beast barely misses you. 😮 HP[+1]
You are too injured to fight recklessly!
Unknown command.
You closely miss the sky beast.
The sky beast hits you but does no damage.
You are too injured to fight recklessly!
You slash the sky beast! The sky beast closely misses you.
The sky beast hits you. The sky beast shocks you. 😮 HP[-6]
You take 6 damage, and now have 18/35 hp.
Unknown command.
You barely miss the sky beast. The sky beast hits you.
The sky beast shocks you.
* * * LOW HITPOINT WARNING * * *
😨 HP[-4] MP[-2]
You take 4 damage, and now have 14/35 hp.
You lost 2 mp, and now have 2/4 mp.
You are too injured to fight recklessly!
You closely miss the sky beast. The sky beast hits you.
* * * LOW HITPOINT WARNING * * *
The sky beast shocks you.
* * * LOW HITPOINT WARNING * * *
You block the sky beast's attack. 😱 HP[-8] MP[-1]
You take 8 damage, and now have 6/35 hp.
MASSIVE DAMAGE!! (PAUSE)
You lost 1 mp, and now have 1/4 mp.
You closely miss the sky beast. The sky beast hits you.
* * * LOW HITPOINT WARNING * * *
The sky beast shocks you.
You die...

Skill      XL: |  1  2  3 |
---------------+----------+-----
Shields        | 5 |  5.5
Axes           | 3 |  3.5
Fighting       | |  3.2
Armour         | |  3.2

Action                     |  1- 3 |  4- 6 || total
---------------------------+-------+-------++-------
  Melee: War axe           |    72 |    49 ||   121
 Armour: Scale mail        |    70 |    33 ||   103
  Dodge: Dodged            |    62 |    25 ||    87
  Block: Buckler           |    29 |    16 ||    45

Levels and vault maps discovered:
D:1:      dpeg_arrival_round_a, layout_basic
D:2:      layout_basic, basic_altar, hellmonk_ecumenical_altar_crossroads,
          st_stairs_7
D:3:      layout_rooms, st_stairs_2

Notes
Turn   | Place    | Note
-------+----------+-------------------------------------------
     0 | D:1      | ytrimaz the Formicid Fighter began the quest for the Orb.
     0 | D:1      | Reached XP level 1. HP: 18/18 MP: 1/1
     0 | D:1      | magus.rc [v1.9.6]
    68 | D:1      | You pick up a book of Decay and begin reading...
    68 | D:1      | You add the spells Cigotuvi's Dreadful Rot, Dispel Undead
                  | and Death Channel to your library.
   208 | D:1      | Reached XP level 2. HP: 23/24 MP: 2/2
   270 | D:1      | Reached XP level 3. HP: 28/29 MP: 3/3
   515 | D:1      | Reached skill level 5 in Shields
   520 | D:1      | Reached skill level 3 in Axes
   878 | D:2      | Reached XP level 4. HP: 32/35 MP: 4/4
   905 | D:2      | Found a faded altar of an unknown god.
  1216 | D:2      | Found a burning altar of Makhleb.
  1575 | D:3      | Noticed a sky beast
  1592 | D:3      | HP: 6/35 [sky beast (4)]
  1593 | D:3      | Slain by a sky beast

Vanquished Creatures
  2 adders (D:2)
  3 dart slugs
  6 endoplasms
  4 giant cockroaches
  6 hobgoblins
  6 jackals (D:1)
  2 kobolds
  2 quokkas (D:2)
  10 ball pythons
  4 bats
  2 frilled lizards (D:3)
  3 goblins
  6 rats
56 creatures vanquished.

Table legend:
 A = Non-vault XP
 B = Vault XP
 C = Vault XP percentage of total XP
 D = Non-vault monster count
 E = Vault monster count
 F = Vault count percentage of total count
                 A         B        C        D         E       F
            +---------+---------+-------+---------+---------+-------
      Total |     117 |       3 |   2.5 |      54 |       2 |   3.6
            +---------+---------+-------+---------+---------+-------
        D:1 |      54 |       0 |   0.0 |      31 |       0 |   0.0
        D:2 |      47 |       3 |   6.0 |      14 |       2 |  12.5
        D:3 |      16 |       0 |   0.0 |       9 |       0 |   0.0
            +---------+---------+-------+---------+---------+-------

Skill      XL: |  1  2  3 |
---------------+----------+-----
Shields        | 5 |  5.5
Axes           | 3 |  3.5
Fighting       | |  3.2
Armour         | |  3.2

Action                     |  1- 3 |  4- 6 || total
---------------------------+-------+-------++-------
  Melee: War axe           |    72 |    49 ||   121
 Armour: Scale mail        |    70 |    33 ||   103
  Dodge: Dodged            |    62 |    25 ||    87
  Block: Buckler           |    29 |    16 ||    45

Illustrated notes

Table legend:
 A = Kills in this place as a percentage of kills in the entire game.
 B = Kills by you in this place as a percentage of kills by you in the entire game.
 C = Kills by friends in this place as a percentage of kills by friends in the entire game.
 D = Other kills in this place as a percentage of other kills in the entire game.
 E = Experience gained in this place as a percentage of experience gained in the entire game.
 F = Experience gained in this place divided by the number of levels of this place that you have seen.
                   A       B       C       D       E      F
               +-------+-------+-------+-------+-------+----------------------
         Total | 100.0 | 100.0 |   N/A |   N/A | 100.0 |  40.0
       Dungeon | 100.0 | 100.0 |   N/A |   N/A | 100.0 |  40.0
               +-------+-------+-------+-------+-------+----------------------

Table legend: (Time is in decaauts)
 A = Elapsed time spent in this place.
 B = Non-inter-level travel time spent in this place.
 C = Inter-level travel time spent in this place.
 D = Time resting spent in this place.
 E = Time spent auto-exploring this place.
 F = Levels seen in this place.
 G = Mean time per level.
                   A        B        C        D        E       F      G
               +--------+--------+--------+--------+--------+-----+--------+
         Total |   1637 |   1591 |     46 |      0 |   1209 |   3 |  545.7 |
       Dungeon |   1637 |   1591 |     46 |      0 |   1209 |   3 |  545.7 |
               +--------+--------+--------+--------+--------+-----+--------+

Top non-repeatable levels by time:
     D:2: 759 daAuts
     D:1: 602 daAuts
     D:3: 276 daAuts
